 Dungeon Crawl Stone Soup version 0.21.0-3-g78d12a8 (webtiles) character file.

3129 mortelune the Destroyer (level 9, -15/64 HPs)
             Began as a White Draconian Fire Elementalist on Jan 17, 2018.
             Was an Initiate of Sif Muna.
             Demolished by a two-headed ogre
             ... wielding a +0 giant spiked club
              (16 damage)
             ... on level 8 of the Dungeon.
             The game lasted 00:26:44 (9602 turns).

mortelune the Destroyer (DrFE)                      Turns: 9602, Time: 00:26:45

Health: -15/64     AC:  7    Str: 11    XL:     9   Next: 61%
Magic:  8/19       EV: 12    Int: 22    God:    Sif Muna [......]
Gold:   339        SH:  0    Dex: 11    Spells: 6/21 levels left

rFire    + . .     SeeInvis .   F - +10 falchion of Temperance {freeze, rPois Int+3}
rCold    . . .     Gourm    .   (no shield)
rNeg     . . .     Faith    .   (armour unavailable)
rPois    +         Spirit   .   (helmet restricted)
rElec    .         Reflect  .   d - +0 cloak
rCorr    .         Harm     .   p - +1 pair of gloves
MR       .....                  (no boots)
Stlth    ++........             (no amulet)
HPRegen  0.20/turn              I - -3 ring of protection (curse)
MPRegen  0.16/turn              w - ring of fire

@: no status effects
A: breathe frost, unfitting armour, cold resistance 1, cold-blooded, AC +7
a: Breathe Frost, Renounce Religion


You were on level 8 of the Dungeon.
You worshipped Sif Muna.
Sif Muna was noncommittal.
You were not hungry.

You visited 2 branches of the dungeon, and saw 9 of its levels.

You collected 339 gold pieces.

Inventory:

Hand Weapons
 c - a +0 dagger
 s - a +2 spear of freezing
 u - a cursed -3 whip
 F - the +10 falchion of Temperance (weapon) {freeze, rPois Int+3}
   (You found it on level 4 of the Dungeon)

   It has been specially enchanted to freeze those struck by it, causing extra
   injury to most foes and up to half again as much damage against particularly
   susceptible opponents.
   It can also slow down cold-blooded creatures.
   It affects your intelligence (+3).
   It protects you from poison.
Missiles
 y - 5 poisoned tomahawks (quivered)
Armour
 d - a +0 cloak (worn)
 p - a +1 pair of gloves (worn)
Jewellery
 o - an uncursed ring of wizardry
 w - a ring of fire (right hand)
 A - an uncursed ring of poison resistance {unknown}
 I - a cursed -3 ring of protection (left hand)
Wands
 B - a wand of acid (13)
 G - a wand of disintegration (6)
Scrolls
 i - 2 scrolls of enchant weapon
 l - 3 scrolls of magic mapping
 m - a scroll of immolation
 t - a scroll of teleportation
 v - a scroll of fog {unknown}
 x - 8 scrolls of identify
 E - 2 scrolls of enchant armour
Potions
 e - a potion of might
 f - 3 potions of curing
 g - a potion of degeneration {unknown}
 h - 3 potions of mutation
 j - 2 potions of ambrosia {unknown}
 k - 2 potions of berserk rage
 n - 3 potions of heal wounds {unknown}
 q - a potion of invisibility {unknown}
 z - 2 potions of resistance {unknown}
 C - a potion of haste {unknown}
 D - 3 potions of flight {unknown}
 H - a potion of magic {unknown}
Books
 a - a book of Flames

   Spells                             Type                      Level
   a - Flame Tongue                   Conjuration/Fire             1
   b - Throw Flame                    Conjuration/Fire             2
   c - Conjure Flame                  Conjuration/Fire             3
   d - Inner Flame                    Hexes/Fire                   3
   e - Sticky Flame                   Conjuration/Fire             4
   f - Fireball                       Conjuration/Fire             5
 r - a book of Changes

   Spells                             Type                      Level
   a - Beastly Appendage              Transmutation                1
   b - Sticks to Snakes               Transmutation                2
   c - Spider Form                    Transmutation/Poison         3
   d - Ice Form                       Ice/Transmutation            4
   e - Blade Hands                    Transmutation                5
Comestibles
 b - 14 rations


   Skills:
 + Level 1.5 Fighting
 - Level 1.7 Dodging
 - Level 1.7 Stealth
 + Level 6.7 Spellcasting
 * Level 9.2 Conjurations
 - Level 6.2 Fire Magic


You had 6 spell levels left.
You knew the following spells:

 Your Spells              Type           Power        Failure   Level  Hunger
a - Flame Tongue          Conj/Fire      #####        1%          1    None
b - Throw Flame           Conj/Fire      ######       1%          2    None
c - Conjure Flame         Conj/Fire      ######..     1%          3    #......
d - Sticky Flame          Conj/Fire      ######..     3%          4    ###....
e - Fireball              Conj/Fire      ######....   10%         5    #####..


Dungeon Overview and Level Annotations

Branches:
Dungeon (8/15)             Temple (1/1) D:7
   Lair: D:8-11

Altars:
Ashenzari
Cheibriados
Dithmenos
Elyvilon
Fedhas
Gozag
Hepliaklqana
Kikubaaqudgha
Makhleb
Nemelex Xobeh
Okawaru
Qazlal
Ru
Sif Muna
Trog
Uskayaw
Vehumet
Wu Jian
Xom
Yredelemnul
Zin
The Shining One

Shops:
D:7 *

Annotations:
D:3 1 exclusion, Sigmund
D:4 1 runed door
D:8 toffzen's ghost, journeyman TrTm


Innate Abilities, Weirdness & Mutations

You can breathe waves of freezing cold.
You can buffet flying creatures when you breathe cold.
Your icy white scales are hard. (AC +7)
You cannot fit into any form of body armour.
Your flesh is cold resistant. (rC+)
You are cold-blooded and may be slowed by cold attacks.


Message History

Okay, then.
The two-headed ogre burns!
The two-headed ogre burns!
The two-headed ogre burns!
The two-headed ogre burns!
The two-headed ogre burns!
The two-headed ogre stops burning.
Casting: Sticky Flame
Confirm with . or Enter, or press ? or * to list all spells.
Aiming: Sticky Flame
Press: ? - help, Shift-Dir - straight line, f/p - two-headed ogre
Aim: a two-headed ogre, wielding a giant spiked club and a giant club (heavily wounded)
You feel a surge of power!
The sticky flame hits the two-headed ogre.
The two-headed ogre is severely wounded.
The two-headed ogre is covered in liquid flames!
The two-headed ogre burns!
The two-headed ogre hits you with a giant spiked club!
* * * LOW HITPOINT WARNING * * *
The two-headed ogre hits you with a giant club!
You die...

##########
##.....#....
##.............#
#..............?
#...............
#...............
#@O.)...........
#...............
#...............
##...<..†.......
##.....#.......
#########.####
#.# ######.###
#......<.#


You could see a two-headed ogre (burning).

Vanquished Creatures
  Pikel (D:3)
  The ghost of Swippen the Covered, a novice GnWn (D:4)
  A hippogriff (D:7)
  An ice beast (D:5)
  An orc warrior (D:7)
  A sky beast (D:5)
  A slave (D:4)
  2 ogres
  A centaur (D:6)
  3 bullfrogs
  2 gnoll sergeants (D:7)
  4 scorpions
  4 killer bees (D:7)
  A howler monkey (D:6)
  A crimson imp (D:7)
  A jelly (D:5)
  A bullfrog skeleton (D:6)
  A quasit (D:5)
  An orc priest (D:7)
  Crazy Yiuf (D:6)
  2 orc wizards (D:7)
  Terence (D:3)
  Natasha (twice) (D:3)
  5 worker ants
  A killer bee zombie (D:5)
  A hound skeleton (D:4)
  Robin (D:3)
  19 gnolls
  5 adders
  2 shadow imps
  3 oozes
  An adder skeleton (D:4)
  2 dart slugs
  4 leopard geckos
  12 orcs
  8 giant cockroaches
  21 goblins
  4 hobgoblins
  6 jackals
  7 kobolds
  5 quokkas
  A ball python (D:6)
  7 bats
  9 frilled lizards
  A goblin zombie (D:4)
  A kobold zombie (D:4)
  6 rats
167 creatures vanquished.

Vanquished Creatures (others)
  An orc (D:4)
1 creature vanquished.

Grand Total: 168 creatures vanquished

Notes
Turn   | Place    | Note
-------+----------+-------------------------------------------
     0 | D:1      | mortelune the Draconian Fire Elementalist began the quest for the Orb.
     0 | D:1      | Reached XP level 1. HP: 14/14 MP: 3/3
   329 | D:1      | Reached XP level 2. HP: 20/20 MP: 3/5
   333 | D:1      | Learned a level 2 spell: Throw Flame
   715 | D:1      | Reached skill level 2 in Conjurations
  1502 | D:1      | Reached XP level 3. HP: 26/26 MP: 3/6
  1507 | D:1      | Learned a level 3 spell: Conjure Flame
  2599 | D:2      | Reached XP level 4. HP: 33/33 MP: 4/7
  2757 | D:2      | Reached skill level 3 in Conjurations
  3856 | D:3      | Noticed Sigmund
  3959 | D:3      | Noticed Terence
  4028 | D:3      | Reached XP level 5. HP: 38/38 MP: 3/9
  4031 | D:3      | Noticed Robin
  4036 | D:3      | Killed Robin
  4140 | D:3      | Noticed Natasha
  4174 | D:3      | Killed Terence
  4181 | D:3      | Killed Natasha
  4407 | D:3      | Learned a level 4 spell: Sticky Flame
  4639 | D:3      | Noticed Natasha
  4644 | D:3      | Killed Natasha
  4891 | D:4      | Noticed a slave
  4957 | D:4      | Noticed a slave
  4958 | D:4      | Noticed a slave
  4961 | D:4      | Noticed Pikel
  4966 | D:4      | Killed a slave
  4970 | D:4      | Noticed a slave
  4977 | D:3      | Killed Pikel
  4977 | D:3      | Reached skill level 5 in Conjurations
  4977 | D:3      | Reached skill level 5 in Fire Magic
  4977 | D:3      | Reached XP level 6. HP: 42/45 MP: 0/12
  4977 | D:3      | Your scales start taking on an icy white colour.
  4977 | D:3      | Reached XP level 7. HP: 47/50 MP: 0/13
  4977 | D:3      | Gained mutation: Your flesh is cold resistant. (rC+) [White Draconian growth]
  4984 | D:3      | Learned a level 5 spell: Fireball
  5072 | D:4      | Found a runed door.
  5072 | D:4      | Noticed a human
  5073 | D:4      | Found a basalt altar of Yredelemnul.
  5359 | D:4      | Noticed Swippen's ghost (novice GnWn)
  5397 | D:4      | Killed Swippen's ghost
  5397 | D:4      | Reached skill level 5 in Spellcasting
  5397 | D:4      | Reached skill level 6 in Conjurations
  5397 | D:4      | Reached XP level 8. HP: 57/57 MP: 1/15
  5504 | D:4      | Reached skill level 5 in Fire Magic
  5703 | D:4      | Got an ancient falchion
  5704 | D:4      | Identified the +10 falchion of Temperance {freeze, rPois Int+3} (You found it on level 4 of the Dungeon)
  5906 | D:5      | Entered Level 5 of the Dungeon
  6023 | D:5      | Reached skill level 7 in Conjurations
  6293 | D:5      | Found a burning altar of Makhleb.
  7684 | D:6      | Found a runed door.
  7712 | D:6      | Noticed Crazy Yiuf
  7720 | D:6      | Killed Crazy Yiuf
  8080 | D:6      | Reached XP level 9. HP: 62/62 MP: 10/17
  8163 | D:6      | Reached skill level 8 in Conjurations
  8550 | D:7      | Found Toklaug's Tempting Trifles.
  8733 | D:7      | Found a staircase to the Ecumenical Temple.
  8836 | Temple   | Entered the Ecumenical Temple
  8883 | Temple   | Became a worshipper of Sif Muna the Loreminder
  9176 | D:7      | Reached skill level 9 in Conjurations
  9180 | D:7      | Reached skill level 1 in Fighting
  9566 | D:8      | Noticed a two-headed ogre
  9566 | D:8      | Noticed toffzen's ghost (journeyman TrTm)
  9602 | D:8      | HP: 1/64 [two-headed ogre/giant spiked club (11)]
  9602 | D:8      | Demolished by a two-headed ogre

Skill      XL: |  1  2  3  4  5  6  7  8  9 |
---------------+----------------------------+-----
Conjurations   | 2 3 5 6 7 9 |  9.2
Spellcasting   | 3 4 5 6 |  6.7
Fire Magic     | 5 4 5 6 |  6.2
Fighting       | 1 |  1.5
Dodging        | |  1.7
Stealth        | |  1.7

Action                   |  1- 3 |  4- 6 |  7- 9 || total
-------------------------+-------+-------+-------++-------
Melee: Tailslap          |     2 |     2 |     2 ||     6
       Unarmed           |     2 |       |       ||     2
       Dagger            |    12 |       |       ||    12
       Spear             |       |    31 |    15 ||    46
       Falchion          |       |       |    21 ||    21
Throw: Throwing net      |       |     1 |       ||     1
 Cast: Flame Tongue      |    55 |    55 |   118 ||   228
       Throw Flame       |    14 |    18 |    76 ||   108
       Sticky Flame      |       |     2 |    10 ||    12
       Conjure Flame     |       |     1 |     3 ||     4
       Fireball          |       |       |     5 ||     5
  Use: Scroll            |       |     5 |     8 ||    13
  Eat: Chunk             |     7 |     8 |    14 ||    29
       Ration            |       |       |     1 ||     1
Armor: Skin              |    12 |     8 |    20 ||    40
Dodge: Dodged            |    30 |    31 |    37 ||    98
       Rpst.: Falchion   |       |       |     7 ||     7
